Map: Oxide LE

Players

Zest - Winner!

  • Race: Protoss Protoss
  • Spawn Location: 7:00

Clem

  • Race: Terran Terran
  • Spawn Location: 1:00

Event: IEM Katowice 2021

VOD

Have the link to the VOD?

Description

Time

  • Played on: Feb. 27, 2021, 12:29 p.m.
  • Length: 8:39

All games in this series

Show
View Real Time Build Order
Export as new Build Order

Zest Protoss - Winner!

Build Orders: 1 Gate Expand, Zealot Archon, Dark Templar Rush 

Get SALT Encoding   

  12  0:00  Probe  
  13  0:13  Probe  
  14  0:18  Pylon  
  14  0:25  Probe (Chrono Boost)  
  15  0:37  Probe (Chrono Boost)  
  15  0:38  Gateway  
  16  0:45  Probe (Chrono Boost)  
  16  0:48  Assimilator  
  17  0:51  Probe  
  18  1:03  Probe  
  19  1:15  Probe  
  20  1:25  Cybernetics Core  
  20  1:34  Nexus  
  20  1:37  Probe  
  21  1:45  Pylon  
  21  1:50  Probe  
  21  1:53  Assimilator  
  22  2:00  Adept (Chrono Boost)  
  22  2:02  Probe  
  22  2:05  Warp Gate  
  25  2:14  Probe  
  26  2:20  Adept (Chrono Boost)  
  26  2:26  Probe  
  29  2:31  Twilight Council  
  29  2:38  Probe  
  29  2:40  Pylon  
  29  2:43  Adept (Chrono Boost)  
  30  2:47  Probe  
  30  2:50  Probe  
  34  2:59  Probe  
  34  3:02  Probe  
  36  3:11  Probe  
  37  3:12  Dark Shrine  
  37  3:14  Probe  
  37  3:16  Stalker  
  40  3:23  Probe  
  40  3:26  Probe  
  40  3:32  Gateway  
  40  3:35  Probe  
  40  3:38  Probe  
  42  3:43  Gateway  
  42  3:47  Assimilator, Probe  
  43  3:50  Probe  
  42  4:00  Probe  
  43  4:03  Probe  
  43  4:04  Nexus  
  44  4:12  Probe  
  44  4:15  Pylon, Probe  
  46  4:22  Pylon  
  46  4:26  Dark Templar  
  46  4:27  Dark Templar  
  46  4:28  Probe x2  
  46  4:30  Assimilator  
  52  4:42  Probe  
  52  4:43  Probe  
  52  4:49  Dark Templar  
  54  4:54  Probe  
  54  4:57  Probe  
  54  4:58  Robotics Facility  
  54  5:06  Probe  
  55  5:09  Probe  
  54  5:14  Charge (Chrono Boost)  
  54  5:16  Stalker  
  54  5:17  Stalker  
  54  5:18  Probe  
  59  5:31  Shield Battery  
  59  5:34  Stalker, Shield Battery  
  61  5:37  Shield Battery  
  61  5:40  Dark Templar  
  61  5:41  Stalker  
  65  5:46  Archon  
  65  5:49  Immortal (Chrono Boost)  
  59  5:57  Stalker  
  50  6:07  Dark Templar, Gateway  
  50  6:08  Gateway  
  52  6:22  Dark Templar x2  
  52  6:23  Immortal (Chrono Boost)  
  57  6:25  Probe x3  
  57  6:31  Gateway  
  59  6:37  Pylon  
  59  6:39  Dark Templar  
  57  6:44  Probe  
  57  6:45  Probe  
  57  6:46  Probe  
  59  6:54  Stalker  
  59  6:55  Stalker  
  59  6:56  Probe  
  59  6:58  Probe x2  
  59  6:59  Warp Prism (Chrono Boost)  
  68  7:08  Gateway  
  68  7:10  Forge  
  66  7:17  Dark Templar x3  
  66  7:18  Zealot x2  
  66  7:22  Archon  
  72  7:27  Zealot  
  74  7:30  Observer  
  74  7:35  Probe  
  74  7:36  Pylon, Probe x2  
  78  7:37  Shield Battery  
  78  7:38  Dark Templar  
  78  7:40  Dark Templar  
  78  7:41  Zealot  
  78  7:42  Zealot x2  
  88  7:45  Archon  
  88  7:50  Zealot  
  90  7:58  Zealot  
  90  8:02  Dark Templar  
  96  8:12  Zealot x4  
  99  8:30  Zealot x2  
Show
View Real Time Build Order
Export as new Build Order

Clem Terran 

Build Orders: Reaper Expand 

Get SALT Encoding   

  12  0:00  SCV  
  13  0:12  SCV  
  14  0:17  Supply Depot  
  14  0:24  SCV  
  15  0:38  SCV  
  15  0:40  Barracks  
  16  0:45  Refinery  
  16  0:50  SCV  
  17  1:03  SCV  
  18  1:15  SCV  
  19  1:27  Orbital Command  
  19  1:28  Reaper  
  20  1:45  Command Center  
  20  1:53  SCV  
  21  1:56  Supply Depot  
  21  2:05  SCV, Barracks Reactor  
  22  2:15  Bunker  
  22  2:17  SCV  
  23  2:23  Factory  
  23  2:29  SCV  
  24  2:30  Refinery  
  24  2:41  SCV  
  24  2:42  Marine x2  
  27  2:53  SCV  
  27  2:57  Orbital Command  
  28  3:00  Marine x2  
  31  3:05  SCV  
  31  3:07  Factory Tech Lab  
  31  3:13  Starport  
  31  3:17  SCV  
  31  3:18  Marine x2  
  33  3:24  SCV  
  32  3:29  SCV  
  33  3:36  SCV, Marine x2  
  33  3:38  Factory Tech Lab  
  35  3:42  SCV  
  35  3:48  SCV  
  37  3:49  Viking  
  37  3:54  SCV  
  37  3:55  Marine x2  
  41  3:58  Siege Tank  
  41  4:00  SCV  
  45  4:04  Supply Depot  
  45  4:06  SCV  
  46  4:18  Supply Depot  
  46  4:25  Raven, Marine x2  
  46  4:26  SCV x2  
  46  4:30  Barracks x2  
  52  4:37  Supply Depot  
  52  4:38  SCV x2  
  54  4:43  Marine x2, Siege Tank  
  57  4:53  SCV  
  57  4:56  SCV  
  54  5:01  Marine x2  
  54  5:05  SCV  
  57  5:08  SCV  
  56  5:17  SCV  
  56  5:19  Marine x2  
  56  5:20  SCV  
  59  5:24  Engineering Bay  
  59  5:25  Marine, Refinery  
  60  5:30  Hellion  
  62  5:36  SCV, Supply Depot  
  62  5:37  Marine  
  62  5:38  Marine  
  65  5:42  Marine  
  65  5:43  SCV  
  65  5:48  SCV  
  66  5:55  SCV  
  65  5:57  Marine  
  65  6:00  SCV, Barracks Tech Lab  
  64  6:05  Supply Depot  
  64  6:06  Marine  
  64  6:08  SCV, Marauder  
  64  6:09  Stimpack  
  64  6:12  SCV  
  64  6:17  Marine  
  62  6:20  SCV  
  62  6:21  Marauder  
  62  6:25  Siege Tank  
  68  6:29  Marauder, Missile Turret  
  68  6:32  Marine  
  70  6:37  Marine  
  72  6:41  Starport Reactor  
  72  6:43  Marauder, Refinery, Combat Shield  
  72  6:50  SCV  
  72  6:52  Marine  
  67  6:55  Marauder  
  67  6:56  Marine  
  67  7:00  Supply Depot  
  67  7:01  Missile Turret  
  69  7:05  SCV x2  
  68  7:09  Marauder  
  66  7:15  Marine x2  
  66  7:16  Marine  
  66  7:21  Medivac x2  
  71  7:27  Siege Tank  
  74  7:32  Marauder  
  74  7:33  Marine x2  
  74  7:36  Marauder  
  80  7:44  Supply Depot  
  80  7:45  SCV  
  81  7:51  Marine x2  
  81  7:52  Concussive Shells  
  81  7:56  Marauder  
  85  7:59  Siege Tank  
  85  8:01  Supply Depot  
  88  8:06  Marauder  
  88  8:12  Marine x2  
  88  8:15  SCV  
  88  8:17  Marauder  

Tags
 
Add a new tag
Caveats
  • Supply blocks, unpowered buildings, or Contaminate may cause inaccurate times.
  • Supply counts are checked every 10 seconds.